 Dungeon Crawl Stone Soup version 0.31.0-11-ge490571c62 (webtiles) character file.

Game seed: 4565903707897468116

155 Silvore the Trooper (level 5, -4/41 HPs)
             Began as a Demonspawn Fighter on Feb 9, 2024.
             Slain by a wyvern (9 damage)
             ... on level 4 of the Dungeon.
             The game lasted 00:04:51 (2697 turns).

Silvore the Trooper (Demonspawn Fighter)            Turns: 2697, Time: 00:04:52

Health: -4/41      AC:  9    Str: 18    XL:     5   Next: 14%
Magic:  5/5        EV:  9    Int:  8    God:
Gold:   194        SH: 10    Dex: 13    Spells: 4/4 levels left

rFire   + . .        a - +0 long sword
rCold   x . .        c - +0 buckler
rNeg    . . .        b - +0 scale mail
rPois   .            f - +1 hat
rElec   .            h - scarf {harm}
rCorr   .            g - +0 pair of gloves
SInv    .            (no boots)
Will    .....        (no amulet) Stlth
                     m - ring of fire
HPRegen 0.26/turn    (no ring)
MPRegen 0.09/turn

%: harm (+30% outgoing, +20% incoming)
@: no status effects
A: large bone plates 2, demonic guardian 1, demonic touch 1
a: no special abilities


You were on level 4 of the Dungeon.
You visited 1 branch of the dungeon, and saw 4 of its levels.

You collected 194 gold pieces.

Inventory:

Hand Weapons
 a - a +0 long sword (weapon)
Armour
 b - a +0 scale mail (worn)
 c - a +0 buckler (worn)
 f - a +1 hat (worn)
 g - a +0 pair of gloves (worn)
 h - a scarf of harm (worn)
Jewellery
 m - a ring of fire (left hand)
 r - a +6 ring of intelligence
Talismans
 j - a granite talisman
Wands
 d - a wand of roots (7)
 l - a wand of digging (7)
Scrolls
 k - 2 scrolls of revelation
 n - a scroll of teleportation
 q - a scroll of identify
Potions
 e - 2 potions of attraction
 i - 2 potions of curing {unknown}
 o - 2 potions of resistance {unknown}
 p - a potion of mutation {unknown}
 s - a potion of cancellation {unknown}


   Skills:
 + Level 3.5 Fighting
 + Level 2.9 Long Blades
 + Level 3.5 Armour
 + Level 1.4 Dodging
 + Level 3.2 Shields


You had 4 spell levels left.
You didn't know any spells.
Your spell library contained the following spells:

 Spells                   Type           Power      Damage    Failure   Level
 Magic Dart               Conj           0%         1d3       86%         1
 Ensorcelled Hibernation  Hex/Ice        0%         N/A       95%         2
 Lesser Beckoning         Tloc           0%         N/A       95%         2
 Searing Ray              Conj           0%         2d4       95%         2
 Gell's Gravitas          Tloc           0%         N/A       99%         3
 Passwall                 Erth           0%         N/A       99%         3
 Swiftness                Air            0%         N/A       99%         3
 Teleport Other           Tloc           0%         N/A       99%         3
 Fulminant Prism          Conj/Alch      0%         3d5       100%        4


Dungeon Overview and Level Annotations

Branches:
Dungeon (4/15)
 Temple: D:4-7

Altars:
Nemelex Xobeh
Uskayaw
Vehumet
Wu Jian


Innate Abilities, Weirdness & Mutations

You are mostly covered in large bone plates. (SH +6)
A weak demonic guardian rushes to your aid.
Your touch may inflict minor irresistible damage on your foes.


Message History

You add the spells Magic Dart, Searing Ray and Fulminant Prism to your library.
A ball python comes into view.
The ball python hisses angrily.
A ball python is nearby!
Found a green potion.
You closely miss the ball python. The ball python barely misses you.
You block the ball python's attack.
You hit the ball python.
You kill the ball python!
Found a dark potion and a scroll of identify.
You see here a ball python corpse.
q - a scroll of identify A kobold comes into view.
It is wielding a +0 short sword.
A kobold is nearby!
The kobold shouts!
You see here a green potion.
Found a stone staircase leading down.
You block the kobold's attack.
The kobold throws a stone.
You block the stone. You block the kobold's attack.
You hit the kobold.
You kill the kobold!
Things that are here:
a +0 short sword; 4 stones
i - 2 green potions (gained 1)
s - a dark potion
Found a stone staircase leading down.
A wyvern comes into view.
The wyvern hisses angrily.
You see here a wand of flame (8).
Found a dagger.
Found 6 gold pieces.
You barely miss the wyvern. The wyvern bites you! The wyvern bites you.
A demonic guardian appears!
You hit the wyvern but do no damage. The wyvern bites you! x2
* * * LOW HITPOINT WARNING * * *
You block the wyvern's attack.
You hit the wyvern.
The wyvern is lightly wounded.
The wyvern bites you!
You die...

..............####
............###
..#..)....#.##
.....######..#######
...#.# ##.#......
##...#######...####
##
...##......../...#
#.. ....
..####.....!.# #..
.#.. #....5@.# #...
## ##>. #......k#
..#...##. ..
#........# .........
#..........
..#####..
#.......#...
.#####..
...>..........$
........
....).....###..
.######. ##.........
.. ######. #......


You could see a wyvern (ally target) and a friendly white imp (summoned).

Vanquished Creatures
  A hound (D:4)
  Ijyb (D:3)
  2 adders (D:2)
  A ribbon worm (D:3)
  2 dart slugs
  8 endoplasms
  5 giant cockroaches
  10 goblins
  9 hobgoblins
  9 kobolds
  3 quokkas
  10 ball pythons
  6 bats
  4 rats
71 creatures vanquished.

Notes
Turn   | Place    | Note
-------+----------+-------------------------------------------
     0 | D:1      | Silvore the Demonspawn Fighter began the quest for the Orb.
     0 | D:1      | Reached XP level 1. HP: 18/18 MP: 1/1
   151 | D:1      | Gained mutation: You are partially covered in large bone
                  | plates. (SH +4) [demonic ancestry]
   151 | D:1      | Reached XP level 2. HP: 23/24 MP: 2/2
   403 | D:1      | Gained mutation: You are mostly covered in large bone
                  | plates. (SH +6) [demonic ancestry]
   403 | D:1      | Reached XP level 3. HP: 29/29 MP: 3/3
   887 | D:2      | Gained mutation: A weak demonic guardian rushes to your
                  | aid. [demonic ancestry]
   887 | D:2      | Reached XP level 4. HP: 27/35 MP: 4/4
  1825 | D:3      | Found a hide-covered altar of Uskayaw.
  1825 | D:3      | Found a sparkling altar of Nemelex Xobeh.
  1832 | D:3      | Found an ornate altar of the Wu Jian Council.
  1836 | D:3      | Found a radiant altar of Vehumet.
  1926 | D:3      | Identified the +0 ring mail of Ashenzari's Vengeance {Harm
                  | rPois rC- MP+9}
  2132 | D:3      | Noticed Ijyb
  2151 | D:3      | Killed Ijyb
  2152 | D:3      | Reached skill level 1 in Dodging
  2502 | D:4      | Gained mutation: Your touch may inflict minor irresistible
                  | damage on your foes. [demonic ancestry]
  2502 | D:4      | Reached XP level 5. HP: 41/41 MP: 5/5
  2692 | D:4      | Noticed a wyvern
  2697 | D:4      | Slain by a wyvern

Illustrated notes

Levels and vault maps discovered:
D:1:      ncdulo_halloftheorcs, layout_basic, minmay_tetromino_i4
D:2:      layout_basic, serial_curves, eino_curves_01, eino_curves_02,
          minmay_split_cup_large
D:3:      layout_basic, chequers_temple_overflow_minitemple, uniq_ijyb
D:4:      layout_rooms, tgw_sif, serial_library_hellmonk_junction

Skill      XL: |  1  2  3  4 |
---------------+-------------+-----
Long Blades    | 2 |  2.9
Armour         | 3 |  3.5
Shields        | 3 |  3.2
Dodging        | 1 |  1.4
Fighting       | |  3.5

Action                     |  1- 3 |  4- 6 || total
---------------------------+-------+-------++-------
  Melee: Long sword        |   111 |   106 ||   217
    Use: Scroll            |     1 |     7 ||     8
         Potion            |       |     1 ||     1
 Armour: Scale mail        |    72 |    56 ||   128
  Dodge: Dodged            |    36 |    35 ||    71
  Block: Buckler           |    54 |    71 ||   125
